 Dungeon Crawl Stone Soup version 0.21-a0-633-g4c047d5 (webtiles) character file.

8 Alarkh the Slasher (level 2, 24/24 HPs)
             Began as a Demonspawn Monk on Dec 28, 2017.
             Got out of the dungeon alive.
             The game lasted 00:00:57 (519 turns).

Alarkh the Slasher (Demonspawn Monk)                 Turns: 519, Time: 00:00:58

Health: 24/24      AC:  2    Str: 16    XL:     2   Next: 0%
Magic:  2/2        EV: 13    Int: 11    God:
Gold:   19         SH:  0    Dex: 15    Spells: 1/1 levels left

rFire    . . .     SeeInvis .   a - +0 falchion
rCold    + . .     Gourm    .   (no shield)
rNeg     . . .     Faith    .   b - +0 robe
rPois    .         Spirit   .   (no helmet)
rElec    .         Reflect  .   (no cloak)
rCorr    .         Harm     .   (no gloves)
MR       .....                  (no boots)
Stlth    ++........             (no amulet)
HPRegen  0.08/turn              g - +5 ring of strength
MPRegen  0.08/turn              (no ring)

@: no status effects
A: cold resistance 1
a: no special abilities


You escaped.
You were not hungry.

You visited 1 branch of the dungeon, and saw 2 of its levels.

You collected 19 gold pieces.

Inventory:

Hand Weapons
 a - a +0 falchion (weapon)
Armour
 b - a +0 robe (worn)
Jewellery
 g - a +5 ring of strength (left hand)
Scrolls
 d - a scroll of blinking {unknown}
 e - a scroll of teleportation
 f - a scroll of identify {unknown}
Comestibles
 c - 3 rations


   Skills:
 - Level 3.0 Fighting
 + Level 3.2 Long Blades
 - Level 2.6 Dodging
 - Level 1.7 Stealth


You had one spell level left.
You didn't know any spells.

Dungeon Overview and Level Annotations

Branches:
Dungeon (2/15)

Altars:


Innate Abilities, Weirdness & Mutations

Your flesh is cold resistant. (rC+)


Message History

The bat hits you but does no damage. The bat closely misses you.
You enter the shallow water.
Moving in this stuff is going to be slow.
The bat barely misses you. The bat completely misses you.
The bat barely misses you. The bat hits you but does no damage.
The bat misses you.
Your unstable footing causes you to fumble your attack.
The bat hits you but does no damage.
Your unstable footing causes you to fumble your attack.
The bat hits you but does no damage.
Your unstable footing causes you to fumble your attack.
The bat barely misses you.
You riposte.
You hit the bat.
You kill the bat!
You have reached level 2!
Your demonic ancestry asserts itself...
You feel resistant to cold.
There is a staircase leading out of the dungeon here.
Are you sure you want to leave the Dungeon?
This will make you lose the game!
You have escaped!

#.##≈≈≈≈≈≈≈.≈≈≈≈..#.....#
#.#≈≈≈≈≈≈≈.≈≈≈≈≈≈.#.....##
#.≈≈≈≈≈≈≈.≈≈≈≈≈≈≈.........
#.≈≈≈8≈≈.≈≈≈≈≈8≈≈≈#...l.#. ##
#.≈≈≈≈≈.≈≈≈≈≈≈≈≈≈≈#...>.#. .#
##.≈≈≈≈.≈≈≈≈≈≈≈≈≈≈≈........ .###
#..≈≈≈≈≈.≈≈≈≈≈≈≈≈≈≈?.###..#
...####÷.≈≈≈≈≈≈..>≈≈≈≈≈≈≈........
##.......≈≈≈≈≈≈≈@..≈≈≈≈≈≈#......#
###..###÷≈≈≈≈≈≈≈≈≈≈.≈≈≈≈≈....#..#
.....##..≈≈≈≈≈≈≈≈≈≈≈.≈≈≈≈.#.....#
..##.##..≈≈≈≈≈≈≈≈≈≈.≈≈≈≈≈...###.#
..##.##..≈≈≈8≈≈≈≈≈.≈≈8≈≈≈..## #
..##......≈≈≈≈≈≈≈.≈≈≈≈≈≈#..#
..###......≈≈≈≈≈.≈≈≈≈≈≈##..####
..# #.......≈≈≈.≈≈≈≈≈≈###.....#
..###.......##.###.#### #.....#.#


There were no monsters in sight!

Vanquished Creatures
  2 hobgoblins (D:1)
  3 kobolds
  2 bats (D:1)
7 creatures vanquished.

Notes
Turn   | Place    | Note
-------+----------+-------------------------------------------
     0 | D:1      | Alarkh the Demonspawn Monk began the quest for the Orb.
     0 | D:1      | Reached XP level 1. HP: 18/18 MP: 1/1
   511 | D:1      | Gained mutation: Your flesh is cold resistant. (rC+) [demonic ancestry]
   511 | D:1      | Reached XP level 2. HP: 24/24 MP: 2/2
   519 | D:$      | Got out of the dungeon alive.

Vault maps used:
D:1:      nzn_arrival_water_spiral
D:2:      nicolae_overflow_hidden_temple, first_ration, amethyst_killhole

Skill      XL: |  1 |
---------------+----+-----
Long Blades    | 3 |  3.2
Fighting       | |  3.0
Dodging        | |  2.6
Stealth        | |  1.7

Action                   || total
-------------------------++-------
Melee: Falchion          ||    20
  Use: Scroll            ||     1
 Stab: Sleeping          ||     1
Armor: Robe              ||     4
Dodge: Dodged            ||    14
       Rpst.: Falchion   ||     5

Table legend:
 A = Spawn XP
 B = Non-spawn XP
 C = Spawn XP percentage of total XP
 D = Spawn monster count
 E = Non-spawn monster count
 F = Spawn count percentage of total count
 G = Total turns spent on level
                    A         B        C        D         E        F      G
               +---------+---------+-------+---------+---------+-------+---------
         Total |       0 |      12 |   0.0 |       0 |       7 |   0.0 |   519
               +---------+---------+-------+---------+---------+-------+---------
           D:1 |       0 |      10 |   0.0 |       0 |       6 |   0.0 |   508
           D:2 |       0 |       2 |   0.0 |       0 |       1 |   0.0 |    11
               +---------+---------+-------+---------+---------+-------+---------
